 Dungeon Crawl Stone Soup version 0.28.0-47-ge53b351184 (webtiles) character file.

Game seed: 2461924127530752991

44 Gabide the Scholar of Death (level 3, -3/26 HPs)
             Began as a Mummy Necromancer on May 5, 2022.
             Was a Follower of Kikubaaqudgha.
             Killed by divine providence
             ... invoked by an orc priest
              (9 damage)
             ... on level 2 of the Dungeon.
             The game lasted 00:03:02 (1875 turns).

Gabide the Scholar of Death (Mummy Necromancer)     Turns: 1875, Time: 00:03:03

Health: -3/26      AC:  2    Str: 11    XL:     3   Next: 39%
Magic:  2/7        EV: 12    Int: 16    God:    Kikubaaqudgha [*.....]
Gold:   107        SH:  0    Dex: 12    Spells: 4/8 levels left

rFire   x . .      SeeInvis .   c - staff of earth
rCold   + . .      Faith    .   (no shield)
rNeg    + + +      Spirit   .   a - +0 robe
rPois   ∞          Reflect  .   (no helmet)
rElec   .          Harm     .   (no cloak)
rCorr   .          Rampage  .   (no gloves)
Will    .....                   (no boots)
Stlth   +.........              (no amulet)
HPRegen 0.08/turn               (no ring)
MPRegen 0.10/turn               (no ring)

@: silenced (expiring)
A: cold resistance 1, negative energy resistance 3, torment resistance 2, heat
vulnerability 1, no potions
a: Renounce Religion


You were on level 2 of the Dungeon.
You worshipped Kikubaaqudgha.
Kikubaaqudgha was aware of your devotion.
You visited 1 branch of the dungeon, and saw 2 of its levels.

You collected 107 gold pieces.

Inventory:

Armour
 a - a +0 robe (worn)
Magical Staves
 c - a staff of earth (weapon)
Scrolls
 b - a scroll of silence
 d - a scroll of amnesia {unknown}


   Skills:
 * Level 1.3 Fighting
 * Level 2.1 Dodging
 - Level 1.5 Stealth
 * Level 3.3 Spellcasting
 * Level 4.3 Necromancy


You had 4 spell levels left.
You knew the following spells:

 Your Spells              Type           Power      Damage    Failure   Level
a - Pain                  Necr           64%        1d7       3%          1
b - Vampiric Draining     Necr           16%        2d7       10%         3

Your spell library contained the following spells:

 Spells                   Type           Power      Damage    Failure   Level
 Animate Skeleton         Necr           32%        N/A       3%          1
 Corpse Rot               Necr/Air       18%        N/A       12%         2
 Animate Dead             Necr           8%         N/A       30%         4
 Agony                    Necr           16%        N/A       65%         5


Dungeon Overview and Level Annotations

Branches:
Dungeon (2/15)

Altars:
Cheibriados
Kikubaaqudgha


Innate Abilities, Weirdness & Mutations

You are immune to poison.
Your flesh is cold resistant. (rC+)
You are immune to negative energy. (rN+++)
You are immune to unholy pain and torment.
You are vulnerable to heat. (rF-)
You do not drink.


Message History

An orc wizard comes into view. It is wielding a +0 dagger.
The orc priest shouts!
The orc writhes in agony.
The orc wizard shouts!
The orc writhes in agony!
You kill the orc!
Kikubaaqudgha accepts your kill.
The orc writhes in agony!
You kill the orc!
Kikubaaqudgha accepts your kill.
The orc priest mumbles some strange prayers to Beogh against you.
Beogh smites you!
The orc priest writhes in agony!
The orc priest struggles to resist.
The orc priest writhes in agony.
The orc priest hits you with a +0 club.
The orc wizard hits you with a +0 dagger.
You are too injured to fight recklessly!
Aiming: Pain (safe; 3% risk of failure)
Press: ? - help, Q - select action, (/) - cycle Shift-Dir - straight line, f/p - orc priest
Aim: an orc priest, wielding a +0 club (heavily wounded, chance to affect: 73%)
The orc priest writhes in agony.
The orc priest misses you. The orc wizard casts a spell at you.
The magic dart hits you.
* * * LOW HITPOINT WARNING * * *
As you read the scroll labelled EZUACA BOTOVU, it crumbles to dust.
A profound silence engulfs you.
It was a scroll of silence.
The orc priest hits you with a +0 club.
* * * LOW HITPOINT WARNING * * *
The orc wizard barely misses you.
You cannot cast spells when silenced!
The orc wizard mumbles some strange words.
The orc wizard flickers and vanishes!
Deactivating autopickup; reactivate with Ctrl-A.
The orc priest looks satisfied for a moment.
You see here a +0 club.
The orc priest mumbles some strange prayers to Beogh against you.
Beogh smites you!
You die...
Kikubaaqudgha rasps: "You have failed me!
Welcome... oblivion!"

............####....####...##
...<###..#..###..#### #..#.# .
..##.###......# #.##.#
#.#..###......# #.#..#
#.#.###.......######...##
#...###.##........##.###
#...##..##...####....# ##
#....#..#.###..## ##.!..##..
#.#####...#..@[# ##......... #
##...<#..###...#.#....#
###.......)o.............
########.....##.......#..#######
#....................)..######
###..###......................
##...##...#############...#####
..........# #...### ...<......#
#.....###


You could see an orc priest.

Vanquished Creatures
  An adder (D:2)
  A worm (D:2)
  2 orcs (D:2)
  A bat (D:1)
  4 endoplasms (D:1)
  A giant cockroach (D:1)
  3 goblins
  5 hobgoblins
  3 kobolds
  2 ball pythons
  2 frilled lizards (D:1)
  2 rats
27 creatures vanquished.

Vanquished Creatures (others)
  6 toadstools (D:2)
6 creatures vanquished.

Grand Total: 33 creatures vanquished

Notes
Turn   | Place    | Note
-------+----------+-------------------------------------------
     0 | D:1      | Gabide the Mummy Necromancer began the quest for the Orb.
     0 | D:1      | Reached XP level 1. HP: 13/13 MP: 4/4
   375 | D:1      | Found a faded altar of an unknown god.
   408 | D:1      | Reached XP level 2. HP: 20/20 MP: 4/6
   430 | D:1      | Prayed at the altar of an unknown god.
   430 | D:1      | Became a worshipper of Kikubaaqudgha
   430 | D:1      | Reached * piety under Kikubaaqudgha
   430 | D:1      | Received a gift from Kikubaaqudgha
   942 | D:1      | Reached skill level 1 in Fighting
  1344 | D:2      | Reached XP level 3. HP: 8/26 MP: 0/7
  1669 | D:2      | Found a snail-covered altar of Cheibriados.
  1737 | D:2      | Learned a level 3 spell: Vampiric Draining
  1875 | D:2      | Killed from afar by an orc priest

Illustrated notes

Levels and vault maps discovered:
D:1:      amcnicky_arrival_wind_blow, layout_loops_corners,
          hellmonk_ecumenical_altar_arch_garden
D:2:      cheibrodos_fertilizer, layout_rooms, basic_altar,
          mrwooster_statue_mirror

Skill      XL: |  1  2 |
---------------+-------+-----
Spellcasting   | 3 |  3.3
Fighting       | 1 |  1.3
Dodging        | 2 |  2.1
Stealth        | |  1.5
Necromancy     | |  4.3

Action                   || total
-------------------------++-------
Melee: Unarmed           ||     4
       Staff             ||    10
 Cast: Pain              ||    64
  Use: Scroll            ||     1
Armor: Robe              ||     1
Dodge: Dodged            ||    16
